 Dungeon Sprint DCSS version 0.28-a0-199-g298df9dbad (webtiles) character file.

Game seed: 17486887241230973692

117 MikeHunt the Chucker (level 4, 0/33 HPs)
             Began as a Demonspawn Hunter on Aug 19, 2021.
             Slain by a human (10 damage)
             ... in the Dungeon (Sprint III: "The Ten Rune Challenge").
             The game lasted 00:03:05 (533 turns).

MikeHunt the Chucker (Demonspawn Hunter)             Turns: 533, Time: 00:03:05

Health: 0/33       AC: 12    Str: 13    XL:     4   Next: 71%
Magic:  4/4        EV: 12    Int: 12    God:
Gold:   19         SH:  0    Dex: 16    Spells: 3/3 levels left

rFire   . . .      SeeInvis .     - Unarmed
rCold   . . .      Faith    .   (no shield)
rNeg    . . .      Spirit   .   b - +0 leather armour
rPois   .          Reflect  .   (helmet restricted)
rElec   .          Harm     .   (no cloak)
rCorr   .          Rampage  .   (no gloves)
Will    .....      NoTele   +   (no boots)
Stlth   +++.......              (no amulet)
HPRegen 0.11/turn               (no ring)
MPRegen 0.09/turn               (no ring)

@: sanguine armoured, hasted, very quick
A: sanguine armour 2, beak, thin skeletal structure 1, sturdy frame 1
a: no special abilities


You were in the Dungeon.
You visited 1 branch You collected 19 gold pieces.

Inventory:

Hand Weapons
 a - a +0 short sword
Armour
 b - a +0 leather armour (worn)
Scrolls
 j - a scroll of blinking
 k - a scroll of holy word {unknown}
 l - a scroll of identify {unknown}
 m - a scroll of immolation {unknown}
 n - a scroll of brand weapon {unknown}
Potions
 e - a potion of curing
 f - 3 potions of flight
 h - 2 potions of magic
 i - 2 potions of mutation
 o - a potion of degeneration {unknown}


   Skills:
 - Level 2.0 Fighting
 + Level 7.1 Throwing
 - Level 1.7 Dodging
 - Level 0.8 Stealth
 + Level 5.9 Unarmed Combat


You had 3 spell levels left.
You didn't know any spells.
Your spell library was empty.

Dungeon Overview and Level Annotations

Branches:
Dungeon (1/1)

Altars:
Okawaru
Trog
Uskayaw
Wu Jian
Beogh


Innate Abilities, Weirdness & Mutations

When seriously injured, your bleeding wounds create thick armour. (AC +9)
You have a beak for a mouth.
You have a somewhat thin skeletal structure. (Dex +2, Stealth+)
Your movements are slightly less encumbered by armour. (ER -2)


Message History

Aim: a human (heavily wounded, berserk, 54% to hit)
You throw a javelin.
The javelin pierces through the human but does no damage.
The javelin closely misses the human.
The human rages.
Throw: 2 javelins
Press: ? - help, Q - select action Shift-Dir - straight line, f/p - human
Aim: a human (heavily wounded, berserk, 54% to hit)
You throw a javelin. The javelin pierces through the human.
The human is severely wounded.
The javelin pierces through the human!
The human is moderately wounded.
The human hits you! x2; Your blood congeals into armour.
There is a fountain of clear blue water here.
There is an open door to the Ecumenical Temple here.
The human rages.
Throw: javelin
Press: ? - help, Q - select action Shift-Dir - straight line, f/p - human
Aim: a human (severely wounded, berserk, 54% to hit)
You throw a javelin.
The javelin pierces through the human but does no damage.
The human is severely wounded.
The javelin barely misses the human.
You closely miss the human. Your peck misses the human.
The human is severely wounded.
The human hits you!
Okay, then.
Unknown command.
You closely miss the human.
The human is heavily wounded.
The human misses you.
Okay, then.
Unknown command.
You miss the human.
The human is heavily wounded.
The human barely misses you.
You barely miss the human.
The human is heavily wounded.
The human hits you!
You die...

▓▓▓▓▓▓▓▓▓▓▓ ▓▓▓ ▓<.#..'...♣♣
♣.# ##### ▓..#..#....♣♣ ♣♣.#
#___# ▓#'####.....♣♣ ♣..#
#__)#
▓.....#....≈.♣♣♣..###+#'###+##
▓.....#...≈≈.♣@♣♣.#.........(#
▓....)#..≈≈≈≈♣♣pp.'.⌠..(.....#
▓####'#..≈≈≈≈≈≈♣..#...######+#
▓(....#.≈≈≈≈≈≈....#.⌠.#
▓.....#.≈≈≈≈≈.....#...#
▓.)...#.≈≈≈.......#+###
▓'#####...........#
▓.................#
▓▓▓▓▓▓▓▓▓▓▓▓▓▓▓▓▓▓▓


You could see 2 humans.

Vanquished Creatures
  A water elemental (D)
  Jessica (D)
  A human (D)
  A wolf (D)
  An endoplasm (D)
  2 rats (D)
7 creatures vanquished.

Notes
Turn   | Place    | Note
-------+----------+-------------------------------------------
     0 | D        | MikeHunt the Demonspawn Hunter began the quest for the Orb.
     0 | D        | Reached XP level 1. HP: 16/16 MP: 1/1
     6 | D        | Reached skill level 1 in Unarmed Combat
     9 | D        | Reached skill level 4 in Throwing
    80 | D        | Noticed Jessica
    85 | D        | Killed Jessica
    86 | D        | Reached skill level 5 in Throwing
    86 | D        | Gained mutation: When seriously injured, your bleeding
                  | wounds create armour. (AC +9) [demonic ancestry]
    86 | D        | Reached XP level 2. HP: 22/22 MP: 2/2
    86 | D        | Reached XP level 3. HP: 27/27 MP: 3/3
   156 | D        | Reached skill level 6 in Throwing
   474 | D        | Gained mutation: You have a beak for a mouth. [potion of
                  | mutation]
   474 | D        | Gained mutation: Potions are less effective at restoring
                  | your health. [potion of mutation]
   474 | D        | Gained mutation: You do not regenerate when monsters are
                  | visible. [potion of mutation]
   474 | D        | Gained mutation: You have a somewhat thin skeletal
                  | structure. (Dex +2, Stealth+) [potion of mutation]
   476 | D        | Lost mutation: You do not regenerate when monsters are
                  | visible. [potion of mutation]
   476 | D        | Lost mutation: Potions are less effective at restoring your
                  | health. [potion of mutation]
   476 | D        | Gained mutation: Your movements are slightly less
                  | encumbered by armour. (ER -2) [potion of mutation]
   491 | D        | Noticed a water elemental
   499 | D        | Killed a water elemental
   500 | D        | Reached skill level 7 in Throwing
   500 | D        | Reached skill level 5 in Unarmed Combat
   500 | D        | Gained mutation: When seriously injured, your bleeding
                  | wounds create thick armour. (AC +9) [demonic ancestry]
   500 | D        | Reached XP level 4. HP: 33/33 MP: 4/4
   512 | D        | Found a hide-covered altar of Uskayaw.
   512 | D        | Found an iron altar of Okawaru.
   513 | D        | Found a bloodstained altar of Trog.
   513 | D        | Found an ornate altar of the Wu Jian Council.
   513 | D        | Noticed a human
   513 | D        | Noticed a human
   533 | D        | Slain by a human

Illustrated notes

Levels and vault maps discovered:
D:        dungeon_sprint_mu [sprint_mu_entry_forest, sprint_mu_temple_rooms,
          sprint_mu_d1_horrors, sprint_mu_d2_genie, sprint_mu_d3_branching,
          sprint_mu_orc_legion, sprint_mu_elf_gauntlet, sprint_mu_hive_nellie,
          sprint_mu_lair_fedhas, sprint_mu_vaults_butterflies,
          sprint_mu_slime_circle, sprint_mu_swamp_cave, sprint_mu_snake_twists,
          sprint_mu_blade_basic, sprint_mu_crypt_lich, sprint_mu_tomb_spiral,
          sprint_mu_vestibule_basic, sprint_mu_gehenna_hellfire,
          sprint_mu_dis_giant, sprint_mu_tartarus_statrot,
          sprint_mu_cocytus_islands, sprint_mu_zot1]

Skill      XL: |  1  2  3 |
---------------+----------+-----
Unarmed Combat | 3 5 |  5.9
Throwing       | 5 7 |  7.1
Fighting       | |  2.0
Dodging        | |  1.7
Stealth        | |  0.8

Action                   |  1- 3 |  4- 6 || total
-------------------------+-------+-------++-------
Melee: Short sword       |    20 |       ||    20
       Unarmed           |       |     4 ||     4
Throw: Javelin           |    15 |     6 ||    21
       Throwing net      |     3 |       ||     3
  Use: Potion            |     4 |     1 ||     5
 Stab: Held in net/web   |     1 |       ||     1
Armor: Leather armour    |     2 |       ||     2
Dodge: Dodged            |    13 |     3 ||    16

Table legend: (Time is in decaauts)
 A = Elapsed time spent in this place.
 B = Non-inter-level travel time spent in this place.
 C = Inter-level travel time spent in this place.
 D = Time resting spent in this place.
 E = Time spent auto-exploring this place.
 F = Levels seen in this place.
 G = Mean time per level.
                   A        B        C        D        E       F      G
               +--------+--------+--------+--------+--------+-----+--------+
         Total |    543 |    543 |      0 |    360 |      0 |   1 |  543.0 |
       Dungeon |    543 |    543 |      0 |    360 |      0 |   1 |  543.0 |
               +--------+--------+--------+--------+--------+-----+--------+

Top non-repeatable levels by time:
       D: 543 daAuts
